 Dungeon Crawl Stone Soup version 0.31-a0-222-gefeffbb62a (webtiles) character file.

Game seed: 10803586430526400234

434 BritishOli the Trooper (level 6, -1/51 HPs)
             Began as a Demonspawn Fighter on July 5, 2023.
             Succumbed to Edmund's poison
             ... on level 4 of the Dungeon.
             The game lasted 00:02:26 (2581 turns).

BritishOli the Trooper (Demonspawn Fighter)         Turns: 2581, Time: 00:02:26

Health: -1/51      AC:  9    Str: 19    XL:     6   Next: 68%
Magic:  6/6        EV:  9    Int:  9    God:
Gold:   160        SH:  4    Dex: 12    Spells: 5/5 levels left

rFire   . . .        a - +0 war axe
rCold   . . .        c - +0 buckler
rNeg    . . .        b - +0 scale mail
rPois   .            (helmet restricted)
rElec   .            (no cloak)
rCorr   .            (no gloves)
SInv    .            q - +0 pair of boots
Will    .....        (no amulet) Stlth
                     (no ring)
HPRegen 0.28/turn    (no ring)
MPRegen 0.10/turn

%: no passive effects
@: lethally poisoned (-1 -> -26)
A: horns 1, molten scales 1, foul stench 1
a: no special abilities


You were on level 4 of the Dungeon.
You visited 1 branch of the dungeon, and saw 4 of its levels.

You collected 160 gold pieces.

Inventory:

Hand Weapons
 a - a +0 war axe (weapon)
Armour
 b - a +0 scale mail (worn)
 c - a +0 buckler (worn)
 q - a +0 pair of boots (worn)
Jewellery
 k - a ring of magical power
Wands
 s - a wand of flame (3)
Scrolls
 e - a scroll of immolation {unknown}
 f - 2 scrolls of revelation {unknown}
 g - 2 scrolls of teleportation {unknown}
 h - a scroll of poison {unknown}
 i - 6 scrolls of identify {unknown}
 o - a scroll of blinking {unknown}
 t - a scroll of amnesia {unknown}
Potions
 d - a potion of might
 j - 4 potions of curing
 l - a potion of brilliance {unknown}
 m - 2 potions of enlightenment {unknown}
 n - a potion of invisibility {unknown}
 p - a potion of lignification {unknown}
 r - a potion of mutation {unknown}


   Skills:
 + Level 5.5 Fighting
 + Level 4.6 Axes
 - Level 3.0 Armour
 - Level 3.0 Shields


You had 5 spell levels left.
You didn't know any spells.
Your spell library contained the following spells:

 Spells                   Type           Power      Damage    Failure   Level
 Poisonous Vapours        Pois/Air       0%         N/A       93%         2
 Mephitic Cloud           Conj/Pois/Air  0%         N/A       99%         3
 Freezing Cloud           Conj/Ice/Air   0%         6-21      100%        5


Dungeon Overview and Level Annotations

Branches:
Dungeon (4/15)
 Temple: D:4-7

Altars:
Hepliaklqana
Kikubaaqudgha
Xom

Annotations:
D:4 Edmund


Innate Abilities, Weirdness & Mutations

You have a pair of small horns on your head.
You are partially covered in molten scales. (AC +2)
You may rarely emit foul miasma when damaged in melee.


Message History

Edmund is moderately wounded.
You feel very sick.
Edmund is engulfed in dark miasma.
Edmund looks even sicker.
Edmund seems to slow down.
Edmund barely misses you.
A gnoll comes into view. It is wielding a +0 flail.
Edmund is engulfed in dark miasma.
Edmund looks as sick as possible!
Edmund seems to slow down.
Edmund hits you but does no damage.
You are more poisoned.
The gnoll moves out of view.
You hit Edmund but do no damage.
Edmund is moderately wounded.
You feel extremely sick.
Edmund is no longer moving slowly.
Unknown command.
You are too injured to fight recklessly!
Unknown command.
You are too injured to fight recklessly!
Unknown command.
You are too injured to fight recklessly!
Unknown command.
You are too injured to fight recklessly!
Unknown command.
You hit Edmund. Your headbutt misses Edmund.
Edmund is severely wounded.
You feel very sick. Edmund hits you but does no damage.
You are lethally poisoned!
Edmund hits you with a +1 flail of venom.
You are more poisoned.
Unknown command.
The gnoll shouts!
You hit Edmund but do no damage. You headbutt Edmund.
Edmund is severely wounded.
* * * LOW HITPOINT WARNING * * *
You feel extremely sick.
Edmund says, "People will remember me!
They'll remember me and die!"
You block Edmund's attack.
You hit Edmund but do no damage. You headbutt Edmund, but do no damage.
Edmund is severely wounded.
You die...

#................#
####.#..#...).....
#.#..##.######.
#.#.>##...#
#.##..###.#
#.##... #.### #.
#.#.##...##
#.#.####..# ##@#
#.@g.....
###...... #..g..
..#.. .# . . ..


You could see Edmund (very poisoned) and 2 gnolls.

Vanquished Creatures
  Sigmund (D:3)
  A scorpion (D:4)
  A hound (D:3)
  An orc priest (D:3)
  Terence (D:3)
  Robin (D:3)
  2 adders
  3 dart slugs
  6 orcs
  6 endoplasms
  4 giant cockroaches
  9 hobgoblins
  3 jackals (D:1)
  2 kobolds (D:1)
  2 quokkas (D:1)
  6 ball pythons
  2 bats
  5 frilled lizards
  15 goblins
  A rat (D:1)
72 creatures vanquished.

Notes
Turn   | Place    | Note
-------+----------+-------------------------------------------
     0 | D:1      | BritishOli the Demonspawn Fighter began the quest for the
                  | Orb.
     0 | D:1      | Reached XP level 1. HP: 18/18 MP: 1/1
   197 | D:1      | Gained mutation: You are partially covered in molten
                  | scales. (AC +2) [demonic ancestry]
   197 | D:1      | Reached XP level 2. HP: 21/24 MP: 2/2
   733 | D:2      | Gained mutation: You have a pair of small horns on your
                  | head. [demonic ancestry]
   733 | D:2      | Reached XP level 3. HP: 28/29 MP: 3/3
  1494 | D:3      | Noticed Robin
  1505 | D:3      | Killed Robin
  1506 | D:3      | Reached XP level 4. HP: 23/37 MP: 4/4
  1650 | D:3      | Reached skill level 4 in Fighting
  1724 | D:3      | Noticed Sigmund
  1736 | D:3      | Killed Sigmund
  1737 | D:3      | Reached skill level 5 in Fighting
  1737 | D:3      | Reached XP level 5. HP: 22/44 MP: 5/5
  1737 | D:3      | Gained mutation: You may rarely emit foul miasma when
                  | damaged in melee. [demonic ancestry]
  1737 | D:3      | Reached XP level 6. HP: 26/51 MP: 6/6
  2005 | D:3      | Found a shimmering altar of Xom.
  2006 | D:3      | Found a hazy altar of Hepliaklqana.
  2007 | D:3      | Noticed a spectral ugly thing
  2384 | D:3      | Found an ancient bone altar of Kikubaaqudgha.
  2397 | D:3      | Noticed Terence
  2404 | D:3      | Killed Terence
  2567 | D:4      | Noticed Edmund
  2581 | D:4      | Succumbed to Edmund's poison

Illustrated notes

Levels and vault maps discovered:
D:1:      zelgadis_glass_arrival_small, layout_loops_ring
D:2:      minmay_chambers_of_ones, layout_loops_ring
D:3:      layout_loops_ring, regret_index_temple_of_mockery,
          kiku_gazebo_garden_becter, kennysheep_generic_room_14, uniq_robin,
          uniq_sigmund, uniq_terence
D:4:      layout_rooms, kennysheep_okawaru_gauntlet, uniq_edmund

Skill      XL: |  1  2  3  4 |
---------------+-------------+-----
Axes           | 2 4 |  4.6
Armour         | 3 |  3.0
Shields        | 3 |  3.0
Fighting       | 5 |  5.5

Action                     |  1- 3 |  4- 6 || total
---------------------------+-------+-------++-------
  Melee: War axe           |   132 |    80 ||   212
         Headbutt          |     6 |    11 ||    17
 Armour: Scale mail        |    72 |    32 ||   104
  Dodge: Dodged            |    64 |    33 ||    97
  Block: Buckler           |    35 |    14 ||    49

Table legend: (Time is in decaauts)
 A = Elapsed time spent in this place.
 B = Non-inter-level travel time spent in this place.
 C = Inter-level travel time spent in this place.
 D = Time resting spent in this place.
 E = Time spent auto-exploring this place.
 F = Levels seen in this place.
 G = Mean time per level.
                   A        B        C        D        E       F      G
               +--------+--------+--------+--------+--------+-----+--------+
         Total |   2662 |   2565 |     97 |      0 |   2070 |   4 |  665.5 |
       Dungeon |   2662 |   2565 |     97 |      0 |   2070 |   4 |  665.5 |
               +--------+--------+--------+--------+--------+-----+--------+

Top non-repeatable levels by time:
     D:3: 1073 daAuts
     D:2: 802 daAuts
     D:1: 741 daAuts
     D:4: 45 daAuts
